 Dungeon Sprint DCSS version 0.30-a0-123-g91d0c66ccf (webtiles) character file.

Game seed: 6376646220353878137

130 Ofeo the Shield-Bearer (level 5, -2/46 HPs)
             Began as a Formicid Fighter on Sept 17, 2022.
             Was an Initiate of Okawaru.
             Slain by a kobold demonologist
             ... wielding a +0 dagger
              (7 damage)
             ... in the Dungeon (Sprint IX: "|||||||||||||||||||||||||||||").
             The game lasted 00:01:50 (458 turns).

Ofeo the Shield-Bearer (Formicid Fighter)            Turns: 458, Time: 00:01:51

Health: -2/46      AC: -6    Str: 22    XL:     5   Next: 36%
Magic:  5/5        EV: 10    Int:  8    God:    Okawaru [......]
Gold:   0          SH:  6    Dex: 13    Spells: 4/4 levels left

rFire   . . .      SeeInvis +    j - +4 quarterstaff (speed)
rCold   . . .      Faith    .    c - +0 buckler
rNeg    . . .      Spirit   .    l - +2 ring mail
rPois   .          Reflect  .    (helmet unavailable)
rElec   .          Harm     .    (no cloak)
rCorr   .          Rampage  .    (no gloves)
Will    .....                    k - +0 pair of boots
Stlth   +.........               (no amulet)
HPRegen 0.15/turn                m - +2 ring of protection
MPRegen 0.09/turn                n - +2 ring of protection

@: corroded
A: permanent stasis, dig shafts and tunnels, antennae 3, four strong arms
a: Dig, Renounce Religion


You were in the Dungeon.
You worshipped Okawaru.
Okawaru was noncommittal.
You visited 1 branch

Inventory:

Hand Weapons
 a - a +0 quarterstaff
 j - a +4 quarterstaff of speed (weapon)
Armour
 b - a +0 scale mail
 c - a +0 buckler (worn)
 k - a +0 pair of boots (worn)
 l - a +2 ring mail (worn)
Jewellery
 m - a +2 ring of protection (left hand)
 n - a +2 ring of protection (right hand)
Wands
 i - a wand of quicksilver (10)
Scrolls
 f - 2 scrolls of amnesia
Potions
 d - a potion of might {@q4}
 e - a potion of invisibility
 g - 4 potions of magic
 h - 3 potions of heal wounds {@q2}
 q - 4 potions of curing {@q1}


   Skills:
 + Level 6.2 Fighting
 + Level 5.2 Staves
 + Level 6.2 Armour
 + Level 7.5 Shields


You had 4 spell levels left.
You didn't know any spells.
Your spell library was empty.

Dungeon Overview and Level Annotations

Branches:
Dungeon (1/1)

Altars:
Cheibriados
Dithmenos
Elyvilon
Fedhas
Gozag
Hepliaklqana
Kikubaaqudgha
Makhleb
Nemelex Xobeh
Okawaru
Qazlal
Ru
Sif Muna
Trog
Uskayaw
Vehumet
Wu Jian
Xom
Yredelemnul
Zin
The Shining One
Jiyva
Lugonu


Innate Abilities, Weirdness & Mutations

You cannot be hasted, slowed, berserked, paralysed or teleported.
You can dig through walls and to a lower floor.
You have a pair of large antennae on your head. (SInv)
Your four strong arms can wield two-handed weapons with a shield.


Message History

The kobold demonologist begins to cast a cantrip, but forgets the words!
You closely miss the kobold demonologist.
The kobold demonologist is heavily wounded.
The rust devil hits you. The rust devil corrodes you!
The kobold demonologist hits you with a +0 dagger.
You take 8 damage, and have 38/46 hp.
You hit the kobold demonologist but do no damage.
The kobold demonologist is heavily wounded.
The rust devil closely misses you.
The orc wizard casts a spell.
The orc wizard flickers and vanishes for a moment.
The kobold demonologist hits you with a +0 dagger.
You take 2 damage, and have 36/46 hp.
You hit the kobold demonologist.
The kobold demonologist is severely wounded.
You barely miss the kobold demonologist.
The kobold demonologist is severely wounded.
The rust devil hits you. The rust devil corrodes you!
The kobold demonologist casts a spell.
You take 3 damage, and have 33/46 hp.
You barely miss the kobold demonologist.
The kobold demonologist is severely wounded.
The rust devil hits you! The rust devil corrodes you!
The kobold demonologist hits you with a +0 dagger.
You take 17 damage, and have 16/46 hp.
MASSIVE DAMAGE!!
You barely miss the kobold demonologist.
The kobold demonologist is severely wounded.
The rust devil completely misses you.
The kobold demonologist hits you with a +0 dagger.
* * * LOW HITPOINT WARNING * * *
You take 4 damage, and have 12/46 hp.
You closely miss the kobold demonologist.
The kobold demonologist is severely wounded.
You hit the kobold demonologist but do no damage.
The kobold demonologist is severely wounded.
The rust devil hits you!
* * * LOW HITPOINT WARNING * * *
The rust devil corrodes you!
The kobold demonologist hits you with a +0 dagger!
You die...

▓+▓
▓.▓
▓o▓
▓O▓
▓x▓
▓Y▓
▓K▓
▓@▓
▓4▓
{
▓.▓
{
▓.▓
{
▓[▓
{
▓.▓
{
▓.▓
{
▓)▓
{
▓?▓


You could see a two-headed ogre, a rust devil (summoned), a kobold demonologist,
a yak, an unseen horror (invisible) and an orc wizard (invisible).

Vanquished Creatures
  A scorpion (D)
  A howler monkey (D)
  3 adders (D)
  An orc (D)
  A goblin (D)
  A frilled lizard (D)
  2 kobolds (D)
  A rat (D)
11 creatures vanquished.

Notes
Turn   | Place    | Note
-------+----------+-------------------------------------------
     0 | D        | Ofeo the Formicid Fighter began the quest for the Orb.
     0 | D        | Reached XP level 1. HP: 18/18 MP: 1/1
   139 | D        | Noticed a scorpion
   147 | D        | Killed a scorpion
   148 | D        | Reached skill level 5 in Fighting
   148 | D        | Reached skill level 5 in Armour
   148 | D        | Reached skill level 6 in Shields
   148 | D        | Reached XP level 2. HP: 23/27 MP: 2/2
   148 | D        | Reached XP level 3. HP: 29/33 MP: 3/3
   148 | D        | Reached XP level 4. HP: 34/39 MP: 4/4
   370 | D        | Found a snail-covered altar of Cheibriados.
   370 | D        | Found a shadowy altar of Dithmenos.
   370 | D        | Found a white marble altar of Elyvilon.
   370 | D        | Found a blossoming altar of Fedhas.
   370 | D        | Found an opulent altar of Gozag.
   371 | D        | Found a hazy altar of Hepliaklqana.
   372 | D        | Found a viscous altar of Jiyva.
   373 | D        | Found an ancient bone altar of Kikubaaqudgha.
   374 | D        | Found a corrupted altar of Lugonu.
   375 | D        | Found a burning altar of Makhleb.
   376 | D        | Found a sparkling altar of Nemelex Xobeh.
   377 | D        | Found an iron altar of Okawaru.
   378 | D        | Found a stormy altar of Qazlal.
   379 | D        | Found a sacrificial altar of Ru.
   380 | D        | Found a shimmering blue altar of Sif Muna.
   381 | D        | Found a bloodstained altar of Trog.
   382 | D        | Found a hide-covered altar of Uskayaw.
   383 | D        | Found a radiant altar of Vehumet.
   384 | D        | Found an ornate altar of the Wu Jian Council.
   385 | D        | Found a shimmering altar of Xom.
   387 | D        | Became a worshipper of Warmaster Okawaru
   389 | D        | Found a basalt altar of Yredelemnul.
   390 | D        | Found a glowing silver altar of Zin.
   391 | D        | Found a glowing golden altar of the Shining One.
   436 | D        | Noticed a two-headed ogre
   436 | D        | Noticed an unseen horror
   436 | D        | Noticed a yak
   436 | D        | Noticed a kobold demonologist
   440 | D        | Reached skill level 5 in Staves
   440 | D        | Reached skill level 7 in Shields
   440 | D        | Reached XP level 5. HP: 46/46 MP: 5/5
   445 | D        | Noticed a rust devil
   458 | D        | Slain by a kobold demonologist

Illustrated notes

Levels and vault maps discovered:
D:        linesprint [early_d, line_temple, items_1, d_10, items_2, lair_1,
          lair_end, items_3, orc_1, orc_end, items_4, d_15, swamp_1, shoals_1,
          snake_1, spider_1, d_20, vaults_1, items_5, swamp_end, shoals_end,
          snake_end, spider_end, vaults_end, d_27, items_6, zot_1, zot_end,
          crypt_end, forest_end, elf_end, slime_end, tomb_end, abyss_end,
          pan_hell_end]

Skill      XL: |  1  2  3  4 |
---------------+-------------+-----
Fighting       | 5 6 |  6.2
Staves         | 4 5 |  5.2
Armour         | 5 6 |  6.2
Shields        | 6 7 |  7.5

Action                   |  1- 3 |  4- 6 || total
-------------------------+-------+-------++-------
Melee: Quarterstaff      |    18 |    38 ||    56
  Use: Potion            |     1 |       ||     1
Armor: Scale mail        |     3 |     7 ||    10
       Ring mail         |       |     5 ||     5
Dodge: Dodged            |    10 |     9 ||    19
Block: Buckler           |     1 |     7 ||     8

Table legend: (Time is in decaauts)
 A = Elapsed time spent in this place.
 B = Non-inter-level travel time spent in this place.
 C = Inter-level travel time spent in this place.
 D = Time resting spent in this place.
 E = Time spent auto-exploring this place.
 F = Levels seen in this place.
 G = Mean time per level.
                   A        B        C        D        E       F      G
               +--------+--------+--------+--------+--------+-----+--------+
         Total |    456 |    456 |      0 |    317 |      0 |   1 |  456.0 |
       Dungeon |    456 |    456 |      0 |    317 |      0 |   1 |  456.0 |
               +--------+--------+--------+--------+--------+-----+--------+

Top non-repeatable levels by time:
       D: 456 daAuts
